 Dungeon Crawl Stone Soup version 0.26-a0-854-gdc81c2f471 (webtiles) character file.

Game seed: 1467581183341038488

993 robertstho the Cleaver (level 7, -2/64 HPs)
             Began as a Minotaur Berserker on Nov 23, 2020.
             Was a Priest of Trog.
             Slain by an orc warrior
             ... wielding a +0 mace
              (12 damage)
             ... on level 5 of the Dungeon.
             The game lasted 00:05:02 (3771 turns).

robertstho the Cleaver (Minotaur Berserker)         Turns: 3771, Time: 00:05:03

Health: -2/64      AC: 14    Str: 22    XL:     7   Next: 98%
Magic:  6/6        EV:  6    Int:  5    God:    Trog [***...]
Gold:   178        SH:  3    Dex: 10    Spells: 6/6 levels left

rFire    . . .     SeeInvis .   t - +1 war axe
rCold    . . .     Faith    .   C - +0 buckler
rNeg     . . .     Spirit   .   w - +0 plate armour
rPois    .         Reflect  .   (helmet restricted)
rElec    .         Harm     .   z - scarf {repulsion}
rCorr    .         Rampage  .   n - +0 pair of gloves
MR       ++...                  (no boots)
Stlth    ..........             s - amulet of regeneration
HPRegen  1.60/turn              (no ring)
MPRegen  0.10/turn              (no ring)

@: berserk cooldown, regenerating, slowed, repel missiles, very slow
A: retaliatory headbutt, horns 2
a: Berserk, Trog's Hand, Renounce Religion


You were on level 5 of the Dungeon.
You worshipped Trog.
Trog was most pleased with you.
You visited 1 branch of the dungeon, and saw 6 of its levels.

You collected 334 gold pieces.
You spent 156 gold pieces at shops.

Inventory:

Hand Weapons
 t - a +1 war axe (weapon)
Missiles
 A - 36 poisoned darts (quivered)
Armour
 j - a scarf of invisibility
 n - a +0 pair of gloves (worn)
 w - a +0 plate armour (worn)
 z - a scarf of repulsion (worn)
 C - a +0 buckler (worn)
Jewellery
 s - an amulet of regeneration (around neck)
 y - a cursed amulet of inaccuracy {unknown}
Wands
 h - a wand of flame (11)
Scrolls
 b - 8 scrolls of teleportation
 c - 3 scrolls of remove curse
 g - a scroll of fog {unknown}
 k - 2 scrolls of magic mapping {unknown}
 p - a scroll of enchant weapon
 q - a scroll of enchant armour {unknown}
 r - a scroll of random uselessness {unknown}
 x - a scroll of fear {unknown}
 B - a scroll of identify
Potions
 a - a potion of invisibility {unknown}
 d - a potion of degeneration
 e - a potion of haste {unknown}
 f - 3 potions of might
 i - 3 potions of heal wounds
 l - 2 potions of brilliance {unknown}
 m - a potion of flight {unknown}
 o - 5 potions of curing
 u - a potion of attraction {unknown}
 v - a potion of lignification {unknown}


   Skills:
 * Level 6.8 Fighting
 + Level 8.0 Axes
 * Level 6.3 Armour
 + Level 2.5 Dodging
 + Level 0.4 Stealth


You had 6 spell levels left.
You didn't know any spells.
Your spell library was empty.

Dungeon Overview and Level Annotations

Branches:
Dungeon (6/15)             Temple (0/1) D:4

Altars:
Cheibriados
Elyvilon
Ru
Xom
The Shining One

Shops:
D:4 !

Annotations:
D:4 potion shop
D:5 Menkaure


Innate Abilities, Weirdness & Mutations

You reflexively headbutt those who attack you in melee.
You have a pair of horns on your head.


Message History

The orc wizard hits you but does no damage.
You climb upwards.
Reactivating autopickup.
There is a stone staircase leading down here.
Your skin crawls.
You feel resistant to hostile enchantments.
You can no longer call in reinforcements.
Menkaure hits you!
* * * LOW HITPOINT WARNING * * *
The orc wizard gestures wildly while chanting.
The orc wizard blinks!
Something hits you but does no damage.
Deactivating autopickup; reactivate with Ctrl-A.
Menkaure murmurs, "Let me perform the rites..."
Menkaure calls on the powers of darkness!
Your body is wracked with pain!
* * * LOW HITPOINT WARNING * * *
The orc warrior convulses!
Something is bathed in an unholy light!
The orc wizard convulses!
The orc warrior hits you with a +0 mace!
You die...

#.##...............#############
#.##.#############.# #....#
#.##...# #.# #.##.##### #.####.#
#.# #......... #.# #.# #.#
#..#.##### #.####.######### #.#
#..#.# #......##......# #.#
#..#.#
#......##.....M###.####..#.#####
#......##.....ยง@o...............
#......##........#.#####.#.....#
#......##.......o#.# #.#.....#
#......##...<....#.#######.....#
##......##......................#
........##.......##.####.........
###.....##..[....##...##.########
........##...............# #.....
####.....................###.....


You could see an orc warrior, Menkaure (fast) and an orc wizard (fast).

Vanquished Creatures
  An ice beast (D:5)
  An ogre (D:4)
  A water moccasin zombie (D:6)
  A scorpion (D:5)
  5 wights (D:6)
  A howler monkey (D:5)
  A bullfrog zombie (D:6)
  2 hounds
  An orc priest (D:6)
  5 orc wizards
  A bullfrog skeleton (D:4)
  A worker ant (D:5)
  5 adders
  2 shadow imps (D:5)
  A white imp (D:5)
  An ufetubus (D:6)
  An ooze (D:3)
  A worm (D:3)
  A dart slug (D:1)
  5 leopard geckos
  9 orcs
  6 giant cockroaches
  4 goblins
  9 hobgoblins
  4 jackals (D:2)
  3 quokkas
  6 bats
  7 frilled lizards
  A giant cockroach zombie (D:5)
  10 kobolds
  4 rats
101 creatures vanquished.

Notes
Turn   | Place    | Note
-------+----------+-------------------------------------------
     0 | D:1      | robertstho the Minotaur Berserker began the quest for the
                  | Orb.
     0 | D:1      | Reached XP level 1. HP: 19/19 MP: 0/0
   322 | D:1      | Found a sacrificial altar of Ru.
   352 | D:1      | Reached XP level 2. HP: 27/27 MP: 1/1
   451 | D:1      | Reached skill level 4 in Axes
  1040 | D:2      | Reached XP level 3. HP: 34/34 MP: 2/2
  1123 | D:2      | Reached ** piety under Trog
  1368 | D:2      | Found a white marble altar of Elyvilon.
  1454 | D:2      | Reached XP level 4. HP: 41/41 MP: 3/3
  1672 | D:3      | Found a glowing golden altar of the Shining One.
  2033 | D:3      | Reached skill level 5 in Axes
  2240 | D:4      | Found Othrevosh's Distillery.
  2246 | D:4      | Bought a potion of heal wounds for 60 gold pieces
  2246 | D:4      | Bought a potion of degeneration for 12 gold pieces
  2246 | D:4      | Bought a potion of might for 48 gold pieces
  2246 | D:4      | Bought a potion of curing for 36 gold pieces
  2251 | D:4      | Found a staircase to the Ecumenical Temple.
  2382 | D:4      | Reached XP level 5. HP: 38/47 MP: 4/4
  2385 | D:4      | Reached *** piety under Trog
  2386 | D:4      | Reached skill level 5 in Fighting
  2469 | D:4      | Noticed an ogre
  2473 | D:4      | Killed an ogre
  2536 | D:4      | Reached XP level 6. HP: 50/56 MP: 5/5
  2571 | D:4      | Reached skill level 6 in Axes
  2680 | D:4      | Found a shimmering altar of Xom.
  2935 | D:5      | Entered Level 5 of the Dungeon
  3047 | D:5      | Noticed an ice beast
  3056 | D:5      | Killed an ice beast
  3057 | D:5      | Reached skill level 5 in Armour
  3138 | D:5      | Reached XP level 7. HP: 58/62 MP: 6/6
  3349 | D:5      | Reached skill level 7 in Axes
  3420 | D:5      | Found a snail-covered altar of Cheibriados.
  3759 | D:6      | Noticed Menkaure
  3766 | D:6      | Reached **** piety under Trog
  3767 | D:6      | Reached skill level 8 in Axes
  3771 | D:5      | Slain by an orc warrior

Illustrated notes

Levels and vault maps discovered:
D:1:      dpeg_arrival_orchard, layout_basic, minmay_hexomino_r4
D:2:      layout_rooms, elyvilon_altar_4
D:3:      layout_loops_ring, marbit_many_paths, grunt_ministairs_12,
          solitary_fountain, st_stairs_9
D:4:      layout_gridville, overflow_temple_1_default,
          minmay_temple_entry_offerings, serial_shops,
          nicolae_shop_competitors_out_of_business
D:5:      layout_basic, lemuel_round_altar, serial_corexii_hall,
          corexii_hall_statues_deadend, chequers_hall_statues_wall_a,
          kennysheep_generic_room_10
D:6:      layout_cave_pools, serial_shops, nicolae_shop_waterfront, shop,
          nicolae_shop_behind_doors, serial_undead, serial_undead_d,
          serial_undead_c, serial_undead_a, serial_undead_d,
          nicolae_benzene_ring, uniq_menkaure

Skill      XL: |  1  2  3  4  5  6  7 |
---------------+----------------------+-----
Fighting       | 4 5 6 |  6.8
Axes           | 4 5 6 8 |  8.0
Armour         | 3 4 5 6 |  6.3
Dodging        | |  2.5
Stealth        | |  0.4

Action                   |  1- 3 |  4- 6 |  7- 9 || total
-------------------------+-------+-------+-------++-------
Melee: Hand axe          |    72 |       |       ||    72
       Headbutt          |    10 |    18 |     3 ||    31
       War axe           |       |    95 |    36 ||   131
Invok: Berserk           |     3 |       |     1 ||     4
       Trog's Hand       |       |       |     1 ||     1
  Use: Scroll            |       |     5 |       ||     5
       Potion            |       |       |     2 ||     2
Armor: Animal skin       |     2 |       |       ||     2
       Chain mail        |    33 |     8 |       ||    41
       Ring mail         |     6 |       |       ||     6
       Plate armour      |       |    47 |    46 ||    93
Dodge: Dodged            |    41 |    43 |    20 ||   104
       Repelled          |       |       |     2 ||     2
Block: Buckler           |       |       |     8 ||     8

Table legend: (Time is in decaauts)
 A = Elapsed time spent in this place.
 B = Non-inter-level travel time spent in this place.
 C = Inter-level travel time spent in this place.
 D = Time resting spent in this place.
 E = Time spent auto-exploring this place.
 F = Levels seen in this place.
 G = Mean time per level.
                   A        B        C        D        E       F      G
               +--------+--------+--------+--------+--------+-----+--------+
         Total |   3842 |   3710 |    132 |      0 |   3020 |   6 |  640.3 |
       Dungeon |   3842 |   3710 |    132 |      0 |   3020 |   6 |  640.3 |
               +--------+--------+--------+--------+--------+-----+--------+

Top non-repeatable levels by time:
     D:1: 1055 daAuts
     D:5: 821 daAuts
     D:3: 714 daAuts
     D:4: 712 daAuts
     D:2: 513 daAuts
     D:6: 25 daAuts
